 Dungeon Crawl Stone Soup version 0.32-a0-673-g3729bd50f8 (webtiles) character file.

Game seed: 9206463649060988789

88 ASSMAN the Chopper (level 4, 0/57 HPs)
             Began as a Mountain Dwarf Berserker on Mar 10, 2024.
             Was a Follower of Trog.
             Incinerated by a bombardier beetle (2 damage)
             ... with a burning spray
             ... on level 3 of the Dungeon.
             The game lasted 00:02:10 (2366 turns).

ASSMAN the Chopper (Mountain Dwarf Berserker)       Turns: 2366, Time: 00:02:11

Health: 0/57       AC:  5    Str: 21    XL:     4   Next: 29%
Magic:  4/4        EV: 11    Int:  8    God:    Trog [*.....]
Gold:   116        SH:  0    Dex:  9    Spells: 3/3 levels left

rFire   . . .        a - +0 hand axe
rCold   . . .        (no shield)
rNeg    . . .        s - +0 ring mail
rPois   .            (no helmet)
rElec   .            (no cloak)
rCorr   .            (no gloves)
SInv    .            (no boots)
Will    .....        (no amulet) Stlth
                     (no ring)
HPRegen 0.29/turn    (no ring)
MPRegen 0.09/turn

%: no passive effects
@: berserking, on fire, glowing, very quick
A: runic magic, artefact enchanting
a: Renounce Religion, Berserk


You were on level 3 of the Dungeon.
You worshipped Trog.
Trog was aware of your devotion.
You visited 1 branch of the dungeon, and saw 3 of its levels.

You collected 116 gold pieces.

Inventory:

Hand Weapons
 a - a +0 hand axe (weapon)
Armour
 s - a +0 ring mail (worn)
Wands
 b - a wand of paralysis (12)
Scrolls
 c - a scroll of revelation {unknown}
 e - a scroll of vulnerability {unknown}
 f - a scroll of teleportation
 q - a scroll of blinking {unknown}
 r - a scroll of enchant armour {unknown}
Potions
 d - a potion of berserk rage {unknown}
 g - 2 potions of lignification
 h - a potion of enlightenment
 i - a potion of resistance
 j - a potion of heal wounds
 k - a potion of curing
 l - a potion of might {unknown}
 m - 2 potions of mutation {unknown}
 n - 2 potions of attraction {unknown}
 p - a potion of invisibility {unknown}


   Skills:
 - Level 3.2 Fighting
 + Level 6.2 Axes
 - Level 2.1 Armour
 - Level 1.3 Dodging


You had 3 spell levels left.
You didn't know any spells.
Your spell library was empty.

Dungeon Overview and Level Annotations

Branches:
Dungeon (3/15)

Altars:
Qazlal


Innate Abilities, Weirdness & Mutations

Your spellcasting is much less encumbered by armour.
You can use scrolls of enchantment on lesser artefacts.


Message History

The bombardier beetle is heavily wounded.
The liquid fire burns you!
You hit the bombardier beetle but do no damage.
The bombardier beetle is heavily wounded.
The liquid fire burns you!
The bombardier beetle bites you but does no damage.
You hit the bombardier beetle.
The bombardier beetle is severely wounded.
The liquid fire burns you!
The bombardier beetle bites you but does no damage.
You hit the bombardier beetle but do no damage.
The bombardier beetle is severely wounded.
The liquid fire burns you!
You closely miss the bombardier beetle.
The bombardier beetle is severely wounded.
The liquid fire burns you! The bombardier beetle bites you.
You are too injured to fight recklessly!
You hit the bombardier beetle.
The bombardier beetle is almost dead.
The liquid fire burns you!
You hit the bombardier beetle.
The bombardier beetle is almost dead.
The liquid fire burns you!
* * * LOW HITPOINT WARNING * * *
The bombardier beetle bites you but does no damage.
You hit the bombardier beetle but do no damage.
The bombardier beetle is almost dead.
The liquid fire burns you!
* * * LOW HITPOINT WARNING * * *
The bombardier beetle bites you.
* * * LOW HITPOINT WARNING * * *
A red film seems to cover your vision as you go berserk!
You feel yourself moving faster!
You feel mighty! The liquid fire burns you!
* * * LOW HITPOINT WARNING * * *
You completely miss the bombardier beetle.
The bombardier beetle is almost dead.
The liquid fire burns you!
You die...

.+ # .# #. .## .## ..
....#.# .. ... #. #B# ...
#. #.##@# .....# #.##.##.#
#.....# #.##.##.# #..... #
###.......###.... ..
########.......###....## .#
......##.##.....##.#...#.#
#####.##.#.......#...##.###
.#...........)............#
#
...##.##.#.......##..####.#
#


You could see a bombardier beetle.

Vanquished Creatures
  Ijyb (D:3)
  2 adders
  A dart slug (D:2)
  2 ribbon worms
  An orc (D:3)
  5 ball pythons
  4 endoplasms
  A giant cockroach (D:2)
  A goblin (D:3)
  6 hobgoblins
  2 quokkas (D:3)
  3 frilled lizards
  3 kobolds
  4 rats
36 creatures vanquished.

Notes
Turn   | Place    | Note
-------+----------+-------------------------------------------
     0 | D:1      | ASSMAN the Mountain Dwarf Berserker began the quest for the
                  | Orb.
     0 | D:1      | Reached XP level 1. HP: 19/19 MP: 1/1
   343 | D:1      | Reached skill level 4 in Axes
   900 | D:2      | Reached XP level 2. HP: 26/26 MP: 2/2
  1229 | D:2      | Reached skill level 5 in Axes
  1533 | D:2      | Reached XP level 3. HP: 18/31 MP: 3/3
  2047 | D:3      | Found a stormy altar of Qazlal.
  2238 | D:3      | Noticed Ijyb
  2245 | D:3      | Killed Ijyb
  2246 | D:3      | Reached skill level 6 in Axes
  2246 | D:3      | Reached XP level 4. HP: 38/38 MP: 4/4
  2365 | D:3      | HP: 2/57 [burnt (3)]
  2366 | D:3      | Incinerated by a bombardier beetle

Illustrated notes

Levels and vault maps discovered:
D:1:      dpeg_arrival_rooms_a, layout_basic
D:2:      layout_loops_corners
D:3:      layout_loops_cross, mainiacjoe_overflow_chevrons,
          minmay_misc_feat_columns, minmay_misc_feat_doors, uniq_ijyb

Skill      XL: |  1  2  3 |
---------------+----------+-----
Axes           | 4 5 6 |  6.2
Fighting       | |  3.2
Armour         | |  2.1
Dodging        | |  1.3

Action                     |  1- 3 |  4- 6 || total
---------------------------+-------+-------++-------
  Melee: Hand axe          |   124 |    31 ||   155
 Invoke: Berserk           |     2 |     1 ||     3
    Use: Scroll            |     7 |       ||     7
 Armour: Animal skin       |    50 |       ||    50
         Ring mail         |    17 |    17 ||    34
  Dodge: Dodged            |    72 |    13 ||    85

Table legend: (Time is in decaauts)
 A = Elapsed time spent in this place.
 B = Non-inter-level travel time spent in this place.
 C = Inter-level travel time spent in this place.
 D = Time resting spent in this place.
 E = Time spent auto-exploring this place.
 F = Levels seen in this place.
 G = Mean time per level.
                   A        B        C        D        E       F      G
               +--------+--------+--------+--------+--------+-----+--------+
         Total |   2393 |   2221 |    172 |     53 |   1819 |   3 |  797.7 |
       Dungeon |   2393 |   2221 |    172 |     53 |   1819 |   3 |  797.7 |
               +--------+--------+--------+--------+--------+-----+--------+

Top non-repeatable levels by time:
     D:2: 1078 daAuts
     D:1: 784 daAuts
     D:3: 530 daAuts
